 Dungeon Crawl Stone Soup version 0.31.0-12-g77e489cdc1 (webtiles) character file.

Game seed: 17612719753430866338

756 Gadfly the Trooper (level 7, -8/74 HPs)
             Began as an Oni Berserker on Feb 27, 2024.
             Was a Priest of Trog.
             Mangled by a hornet (16 damage)
             ... on level 5 of the Dungeon.
             The game lasted 00:09:57 (3871 turns).

Gadfly the Trooper (Oni Berserker)                  Turns: 3871, Time: 00:09:58

Health: -8/74      AC:  3    Str: 22    XL:     7   Next: 79%
Magic:  7/7        EV: 10    Int:  8    God:    Trog [***...]
Gold:   224        SH:  5    Dex: 10    Spells: 6/6 levels left

rFire   . . .        a - +5 great mace (protect)
rCold   . . .        (shield currently unavailable)
rNeg    . . .        h - +0 robe
rPois   .            (helmet restricted)
rElec   .            b - scarf {shadows}
rCorr   .            (gloves unavailable)
SInv    .            (boots unavailable)
Will    ++++.        f - amulet of reflection
Stlth   +            c - ring of willpower
HPRegen 1.32/turn    (no ring)
MPRegen 0.10/turn

%: reflection
@: lethally poisoned (-8 -> -8), strong-willed, enlightened, flying,
regenerating
A: large, unfitting armour, horns 1, tough skin 1, double potion healing,
drunken brawling
a: Renounce Religion, Berserk, Trog's Hand


You were on level 5 of the Dungeon.
You worshipped Trog.
Trog was most pleased with you.
You visited 1 branch of the dungeon, and saw 5 of its levels.

You collected 224 gold pieces.

Inventory:

Hand Weapons
 a - a +5 great mace of protection (weapon)
 d - a +0 mace
Armour
 b - a scarf of shadows (worn)
 h - a +0 robe (worn)
Jewellery
 c - a ring of willpower (left hand)
 f - an amulet of reflection (around neck)
 k - a +6 ring of intelligence
Scrolls
 i - a scroll of teleportation
Potions
 j - a potion of might
 l - a potion of attraction {unknown}


   Skills:
 + Level 5.7 Fighting
 * Level 5.4 Maces & Flails
 * Level 3.8 Armour
 - Level 2.6 Dodging
 * Level 3.4 Evocations


You had 6 spell levels left.
You didn't know any spells.
Your spell library was empty.

Dungeon Overview and Level Annotations

Branches:
Dungeon (5/15)
 Temple: D:4-7

Altars:
Dithmenos
Elyvilon
Kikubaaqudgha
Wu Jian

Shops:
D:5 (


Innate Abilities, Weirdness & Mutations

You are too large for most types of armour.
You have a pair of small horns on your head.
You have tough skin. (AC +1)
You gain doubled healing and magic from potions.
Whenever you drink a healing potion, you attack all around you.


Message History

You now have 224 gold pieces (gained 10).
A hound comes into view.
The hound barks!
A hornet comes into view.
The hornet buzzes angrily.
There are monsters nearby!
The hornet stings you.
You feel yourself slow down. The hornet stings you!
You suddenly lose the ability to move!
The hornet stings you!
You feel as though you will be slow longer.
You can move again.
You closely miss the hornet. Your headbutt misses the hornet.
The hornet stings you.
You feel as though you will be slow longer.
You block the hornet's attack. The hornet closely misses you.
The hornet stings you!
You are poisoned.
You feel as though you will be slow longer.
You aren't carrying any items that you can evoke.
It was a potion of brilliance.
You feel clever all of a sudden.
You feel very sick. The hornet stings you!
* * * LOW HITPOINT WARNING * * *
You feel as though you will be slow longer.
The hornet barely misses you.
It was a potion of cancellation.
Your magical effects are unravelling.
You feel magically purged.
You feel yourself speed up.
You feel a little less clever now.
You feel very sick. The hornet closely misses you.
The hornet barely misses you.
Your skin crawls.
You feel strong-willed.
You feel sick. You block the hornet's attack.
Okay, then.
It was a potion of enlightenment.
You feel very buoyant.
You fly up into the air.
You feel sick. The hornet stings you!
You die...

#### #####.... #........
######## #........
#......# #........
#.####.#########........
#....#........@yh...?...
######.....#######........
.........#.# #####....
#####....#.####### ###
..................
#######..#.####### ###
##...# ..# #.†.# ..# ##..#


You could see a hornet and a hound.

Vanquished Creatures
  Sigmund (D:2)
  2 black bears
  An ogre (D:4)
  A jelly (D:4)
  2 hounds (D:4)
  An orc priest (D:4)
  3 iguanas
  5 adders
  3 ribbon worms
  2 dart slugs (D:1)
  2 orcs (D:4)
  4 bats
  7 endoplasms
  3 giant cockroaches
  7 hobgoblins
  4 jackals (D:2)
  5 kobolds
  6 quokkas
  6 ball pythons
  4 frilled lizards (D:2)
  6 goblins
  4 rats
79 creatures vanquished.

Notes
Turn   | Place    | Note
-------+----------+-------------------------------------------
     0 | D:1      | Gadfly the Oni Berserker began the quest for the Orb.
     0 | D:1      | Reached XP level 1. HP: 24/24 MP: 1/1
   161 | D:1      | Reached XP level 2. HP: 32/32 MP: 2/2
   410 | D:1      | Reached skill level 1 in Armour
   775 | D:1      | Identified a scroll of acquirement
   775 | D:1      | Acquired a +4 great mace of protection
   856 | D:2      | Reached XP level 3. HP: 39/39 MP: 3/3
   981 | D:2      | Reached skill level 1 in Evocations
  1049 | D:2      | Reached ** piety under Trog
  1074 | D:2      | Noticed Sigmund
  1085 | D:2      | Killed Sigmund
  1086 | D:2      | Reached XP level 4. HP: 38/49 MP: 4/4
  1086 | D:2      | Reached XP level 5. HP: 43/55 MP: 5/5
  1432 | D:2      | Reached XP level 6. HP: 54/65 MP: 6/6
  1689 | D:2      | Found a faded altar of an unknown god.
  2721 | D:4      | Reached skill level 5 in Fighting
  2808 | D:4      | Reached *** piety under Trog
  2899 | D:4      | Noticed a black bear
  2911 | D:4      | Killed a black bear
  3077 | D:4      | Found a shadowy altar of Dithmenos.
  3088 | D:4      | Reached skill level 5 in Maces & Flails
  3088 | D:4      | Reached XP level 7. HP: 48/72 MP: 7/7
  3183 | D:4      | Found an ancient bone altar of Kikubaaqudgha.
  3292 | D:4      | Found a white marble altar of Elyvilon.
  3595 | D:5      | Entered Level 5 of the Dungeon
  3595 | D:5      | Found Sizuips's Weapon Shop.
  3595 | D:5      | Found an ornate altar of the Wu Jian Council.
  3860 | D:5      | Noticed a hornet
  3865 | D:5      | Paralysed by a hornet for 2 turns
  3871 | D:5      | Mangled by a hornet

Illustrated notes

Levels and vault maps discovered:
D:1:      matt_arrival_spirals, layout_basic, minmay_misc_feat_more_columns,
          minivault_25
D:2:      wad_river_or_something, layout_basic, shapermc_ecumenical_altar_petra,
          uniq_sigmund
D:3:      layout_basic
D:4:      layout_loops_ring, marbit_many_paths,
          mainiacjoe_overflow_large_starburst
D:5:      layout_basic, nicolae_uskayaw_suspiria, nzn_wu_jian_council_hall,
          minmay_temple_entry_tees, serial_shops, shop, nicolae_stop_n_shop_1,
          nicolae_shop_pleasant_corner_grove, minmay_diced_spiral

Skill      XL: |  1  2  3  4  5  6 |
---------------+-------------------+-----
Armour         | 1 2 3 |  3.8
Evocations     | 2 3 |  3.4
Maces & Flails | 4 5 |  5.4
Fighting       | 5 |  5.7
Dodging        | |  2.6

Action                     |  1- 3 |  4- 6 |  7- 9 || total
---------------------------+-------+-------+-------++-------
  Melee: Mace              |    76 |    47 |       ||   123
         Headbutt          |    15 |    13 |     7 ||    35
         Punch             |       |     1 |       ||     1
         Great mace        |       |    57 |    38 ||    95
 Invoke: Trog's Hand       |       |       |     1 ||     1
    Use: Scroll            |     2 |     3 |     1 ||     6
         Potion            |       |       |     3 ||     3
   Stab: Sleeping          |     1 |     1 |     1 ||     3
         Distracted        |       |     1 |       ||     1
 Armour: Animal skin       |    29 |       |       ||    29
         Robe              |    11 |    76 |    55 ||   142
  Dodge: Dodged            |    40 |    62 |    29 ||   131
  Block: Other             |     6 |    28 |    15 ||    49
         Reflection        |     1 |       |       ||     1
